 Dungeon Crawl Stone Soup version 0.19.3 (webtiles) character file.

7075 aspa the Thaumaturge (level 11, -2/54 HPs)
             Began as an Octopode Wizard on Jan 22, 2017.
             Was an Elder of Sif Muna.
             Slain by a hill giant
             ... wielding a +0 giant club
              (38 damage)
             ... on level 10 of the Dungeon.
             The game lasted 01:27:27 (16049 turns).

aspa the Thaumaturge (Octopode Wizard)             Turns: 16049, Time: 01:27:28

Health: -2/54      AC:  1    Str:  7    XL:     11   Next: 9%
Magic:  4/31       EV: 19    Int: 23    God:    Sif Muna [****..]
Gold:   568        SH:  5    Dex: 13    Spells: 12 memorised, 7 levels left

rFire  + . .     SeeInvis .     a - +2 falchion (protect)
rCold  . . .     Gourm    .     y - +0 buckler
rNeg   + . .     Faith    .     K - +0 hat
rPois  .         Spirit   .     (no amulet)
rElec  .         Reflect  .     q - +6 ring of evasion
rCorr  .         Harm     .     r - ring of protection from magic
MR     ++...     Rnd*Rage +     o - ring of protection from fire
Stlth  +++.......               s - ring of flight
                                B - ring of positive energy
                                D - ring of protection from magic
                                (no ring)
                                (no ring)

@: repel missiles
A: almost no armour, stealthy swim, amphibious, 8 rings, constrict 8, camouflage
1, agile 1, berserk 2, frail 1, high mp 1, gelatinous body 1
a: Divine Energy, Channel Magic, Forget Spell, Renounce Religion, Evoke Flight


You were on level 10 of the Dungeon.
You worshipped Sif Muna.
Sif Muna was greatly pleased with you.
You were very hungry.

You visited 2 branches of the dungeon, and saw 12 of its levels.

You collected 568 gold pieces.

Inventory:

Hand Weapons
 a - a +2 falchion of protection (weapon)
 b - a +5 trident
 n - a cursed +3 short sword
Armour
 y - a +0 buckler (worn)
 K - a +0 hat (worn)
Jewellery
 o - a ring of protection from fire (on tentacle)
 q - a +6 ring of evasion (left tentacle)
 r - a ring of protection from magic (right tentacle)
 s - a ring of flight (on tentacle)
 B - a ring of positive energy (on tentacle)
 D - a ring of protection from magic (on tentacle)
 R - an uncursed ring of teleportation
Wands
 m - a wand of lightning (6/15)
 p - a wand of iceblast (5/15)
 z - a wand of digging (12/24)
 Q - a wand of paralysis (5/24)
Scrolls
 d - a scroll of teleportation
 f - 2 scrolls of remove curse
 h - 3 scrolls of immolation {unknown}
 i - 7 scrolls of identify
 k - 3 scrolls of enchant armour {unknown}
 u - 2 scrolls of magic mapping {unknown}
 v - 2 scrolls of amnesia {unknown}
 H - a scroll of blinking {unknown}
 I - a scroll of enchant weapon {unknown}
Potions
 e - a potion of flight
 g - 3 potions of curing
 j - a potion of heal wounds {unknown}
 l - a potion of lignification {unknown}
Comestibles
 c - 8 bread rations
 t - a beef jerky
 E - 6 fruits


   Skills:
 - Level 2.0 Dodging
 + Level 3.7 Stealth
 - Level 5.6 Shields
 + Level 13.8 Spellcasting
 - Level 3.0 Conjurations
 - Level 1.1 Summonings
 - Level 1.0 Translocations


You had 7 spell levels left.
You knew the following spells:

 Your Spells              Type           Power        Failure   Level  Hunger
a - Magic Dart            Conj           ####         1%          1    None
b - Call Imp              Summ           ###.....     3%          2    None
c - Mephitic Cloud        Conj/Pois/Air  ###.....     10%         3    None
d - Blink                 Tloc           N/A          4%          2    None
e - Repel Missiles        Chrm/Air       ###...       10%         2    None
f - Conjure Flame         Conj/Fire      ###.....     10%         3    None
g - Slow                  Hex            ###.....     10%         2    None
h - Dazzling Spray        Conj/Hex       ###...       10%         3    None
i - Apportation           Tloc           ###.......   2%          1    None
j - Shroud of Golubria    Chrm/Tloc      ###.......   6%          2    None
k - Iskenderun's Mystic   Conj           ####....     12%         4    None
l - Iskenderun's Battles  Conj/Chrm      ###.....     71%         5    ###....


Dungeon Overview and Level Annotations

Branches:
Dungeon (11/15)            Temple (1/1) D:6            Lair (0/6) D:8
    Orc: D:9-12

Altars:
Ashenzari
Cheibriados
Dithmenos
Elyvilon
Fedhas
Gozag
Hepliaklqana
Kikubaaqudgha
Makhleb
Nemelex Xobeh
Okawaru
Qazlal
Ru
Sif Muna
Trog
Uskayaw
Vehumet
Xom
Yredelemnul
Zin
The Shining One

Shops:
D:6 =   D:8 [

Annotations:
D:10 Gastronok


Innate Abilities, Weirdness & Mutations

You cannot wear most types of armour.
You are very stealthy in the water. (Stealth+)
You are amphibious.
You can wear up to eight rings at the same time.
You can use your tentacles to constrict eight enemies at once.
Your skin changes colour to match your surroundings (Stealth+).
Your rubbery body absorbs attacks. (AC +1, EV +1)
You are agile. (Dex +2)
You often lose your temper in combat.
You are frail. (-10% HP)
You have an increased reservoir of magic. (+10% MP)


Message History

Press: ? - help, Shift-Dir - straight line, f/p - hill giant
Aim: a hill giant, wielding a giant club (lightly wounded, confused)
The magic dart hits the hill giant.
The hill giant is moderately wounded.
Casting: Magic Dart
Confirm with . or Enter, or press ? or * to list all spells.
Aiming: Iskenderun's Mystic Blast
Press: ? - help, Shift-Dir - straight line, f/p - hill giant
Aim: a hill giant, wielding a giant club (moderately wounded, confused)
The orb of energy hits the hill giant.
The hill giant is moderately wounded.
The hill giant seems less confused.
The hill giant hits you with a giant club.
The wolf howls!
Casting: Iskenderun's Mystic Blast
Confirm with . or Enter, or press ? or * to list all spells.
A beastly little devil appears in a puff of frigid air.
The hill giant hits you with a giant club!!!
Ouch! That really hurt!
You die...

.##.≈≈≈≈≈≈≈(≈≈≈≈≈###....
.##.≈≈≈≈≈≈≈≈≈h≈≈≈# ....
....≈≈≈≈≈≈≈≈≈≈≈≈≈#
....≈≈≈≈≈≈≈≈≈≈≈≈≈# ....#
##. ###.≈≈≈≈≈≈≈≈≈≈≈≈≈#
..... ...
##...##..##.#### ....
#.# ##.##......# #..#
#.# ........##.#######
... ..#
#.#.##.#.#...C@.5.# #.#
#(# #.#.##.#....#####.#
#(###.## #.........#
#.######c(....)
....#>.....#
#......Y#######
.##.#####.## #..####Y# #
###.### #..####.#
#...(.# #.....#.#
#.....# ##.##.#.#
#.....# #......#


You could see a hill giant and a friendly white imp.

Vanquished Creatures
  Erica (D:9)
  A hippogriff (D:7)
  A steam dragon (D:9)
  4 yaks
  Grum (D:10)
  2 hungry ghosts
  3 wargs
  A water moccasin (D:6)
  3 orc warriors
  2 sky beasts
  A black bear (D:7)
  2 ice beasts
  3 ogres
  3 wolves (D:10)
  6 centaurs
  A big kobold (D:7)
  A gnoll sergeant (D:7)
  6 bullfrogs
  A scorpion (D:9)
  2 killer bees (D:7)
  19 wights
  2 howler monkeys
  4 crimson imps
  2 quasits
  3 hounds
  3 orc priests
  3 jellies
  2 centaur skeletons
  Jessica (D:3)
  3 iguanas
  10 orc wizards
  4 worker ants
  A killer bee zombie (D:8)
  3 hound skeletons
  A mummy (D:9)
  2 worker ant zombies (D:9)
  11 adders
  8 gnolls
  A howler monkey skeleton (D:7)
  3 shadow imps
  3 oozes
  2 adder skeletons
  6 worms
  2 dart slugs
  8 leopard geckos
  46 orcs
  5 bats
  4 giant cockroaches
  3 goblins
  4 hobgoblins
  9 jackals
  6 kobolds
  3 quokkas
  4 frilled lizards
  A quokka skeleton (D:4)
  8 rats
245 creatures vanquished.

Vanquished Creatures (collateral kills)
  2 phantoms
  An ogre (D:6)
  A killer bee (D:7)
  A crimson imp (D:6)
  Ijyb (D:2)
  2 gnolls (D:2)
  An ooze (D:1)
  An orc (D:7)
  A giant cockroach (D:2)
11 creatures vanquished.

Grand Total: 256 creatures vanquished

Notes
Turn   | Place    | Note
-------+----------+-------------------------------------------
     0 | D:1      | aspa the Octopode Wizard began the quest for the Orb.
     0 | D:1      | Reached XP level 1. HP: 11/11 MP: 4/4
   213 | D:1      | Reached XP level 2. HP: 12/17 MP: 1/6
   217 | D:1      | Learned a level 2 spell: Call Imp
   934 | D:1      | Reached XP level 3. HP: 21/21 MP: 5/8
   939 | D:1      | Learned a level 3 spell: Mephitic Cloud
  1311 | D:2      | Reached skill level 4 in Spellcasting
  1940 | D:2      | Reached XP level 4. HP: 22/27 MP: 8/10
  1944 | D:2      | Learned a level 2 spell: Blink
  1947 | D:2      | Learned a level 2 spell: Repel Missiles
  2512 | D:2      | Noticed Ijyb
  2583 | D:2      | Killed Ijyb
  3021 | D:3      | Reached XP level 5. HP: 31/31 MP: 3/12
  3026 | D:3      | Learned a level 3 spell: Conjure Flame
  3410 | D:3      | Noticed Jessica
  3450 | D:3      | Killed Jessica
  3450 | D:3      | Reached skill level 5 in Spellcasting
  4044 | D:3      | Found a hide-covered altar of Uskayaw.
  4045 | D:3      | Found a bloodstained altar of Trog.
  4277 | D:5      | Entered Level 5 of the Dungeon
  4277 | D:5      | Noticed an ogre
  4322 | D:4      | Noticed a phantom
  4698 | D:4      | Killed a phantom
  4698 | D:4      | Reached XP level 6. HP: 21/36 MP: 0/14
  4703 | D:4      | Learned a level 2 spell: Slow
  4917 | D:4      | Found a sacrificial altar of Ru.
  5605 | D:5      | Noticed a slave
  5605 | D:5      | Noticed a slave
  5627 | D:5      | Noticed a phantom
  5887 | D:5      | Killed a phantom
  5887 | D:5      | Reached skill level 6 in Spellcasting
  6128 | D:5      | Noticed a slave
  6492 | D:5      | Reached XP level 7. HP: 41/41 MP: 7/16
  6666 | D:5      | Found a shimmering altar of Xom.
  6748 | D:5      | Found an iron altar of Okawaru.
  6751 | D:5      | Found a shadowy altar of Dithmenos.
  6855 | D:5      | Reached skill level 7 in Spellcasting
  7106 | D:6      | Found a staircase to the Ecumenical Temple.
  7115 | Temple   | Entered the Ecumenical Temple
  7258 | Temple   | Became a worshipper of Sif Muna the Loreminder
  7290 | Temple   | Learned a level 3 spell: Dazzling Spray
  7324 | D:6      | Reached skill level 8 in Spellcasting
  7342 | D:6      | Reached XP level 8. HP: 37/46 MP: 0/20
  7446 | D:6      | Reached skill level 1 in Shields
  7682 | D:6      | Found Apnuuhak's Jewellery Shoppe.
  8075 | D:6      | Reached skill level 9 in Spellcasting
  8265 | D:7      | Reached * piety under Sif Muna
  8899 | D:8      | Reached XP level 9. HP: 47/51 MP: 19/22
  8900 | D:8      | Identified the Incunabulum of Unholy Augmentations
  8981 | D:7      | Learned a level 1 spell: Apportation
  8999 | D:7      | Learned a level 2 spell: Shroud of Golubria
  9189 | D:7      | Reached skill level 10 in Spellcasting
 10002 | D:7      | Reached ** piety under Sif Muna
 10564 | D:7      | Reached skill level 11 in Spellcasting
 10772 | D:7      | Gained mutation: You tend to lose your temper in combat. [mutagenic meat]
 10773 | D:7      | Gained mutation: One of your tentacles bears a spike. [mutagenic meat]
 10774 | D:7      | Gained mutation: You can translocate small distances at will. [mutagenic meat]
 10775 | D:7      | Gained mutation: You are frail. (-10% HP) [mutagenic meat]
 10776 | D:7      | Gained mutation: You are very frail. (-20% HP) [mutagenic meat]
 10777 | D:7      | Gained mutation: You have an increased reservoir of magic. (+10% MP) [mutagenic meat]
 10840 | D:8      | Learned a level 4 spell: Iskenderun's Mystic Blast
 11121 | D:8      | Found Yruc's Armour Boutique.
 11532 | D:7      | Reached XP level 10. HP: 33/44 MP: 13/28
 11652 | D:8      | Reached skill level 5 in Shields
 11765 | D:8      | Reached *** piety under Sif Muna
 12186 | D:8      | Found a staircase to the Lair.
 12299 | D:9      | Reached skill level 12 in Spellcasting
 12352 | D:9      | Found a snail-covered altar of Cheibriados.
 12364 | D:9      | Noticed Erica
 12377 | D:9      | Killed Erica
 12800 | D:10     | Entered Level 10 of the Dungeon
 13547 | D:9      | Reached **** piety under Sif Muna
 14158 | Temple   | Learned a level 5 spell: Iskenderun's Battlesphere
 14163 | D:6      | Gained mutation: Your natural rate of healing is unusually fast. [potion of mutation]
 14163 | D:6      | Gained mutation: You often lose your temper in combat. [potion of mutation]
 14163 | D:6      | Gained mutation: You are agile. (Dex +2) [potion of mutation]
 14164 | D:6      | Lost mutation: You are very frail. (-20% HP) [potion of cure mutation]
 14164 | D:6      | Lost mutation: You can translocate small distances at will. [potion of cure mutation]
 14164 | D:6      | Lost mutation: One of your tentacles bears a spike. [potion of cure mutation]
 14164 | D:6      | Lost mutation: Your natural rate of healing is unusually fast. [potion of cure mutation]
 14497 | D:10     | Reached skill level 13 in Spellcasting
 15038 | D:10     | Noticed Grum
 15043 | D:10     | Killed Grum
 15403 | D:10     | Reached XP level 11. HP: 54/54 MP: 16/31
 15425 | D:10     | Noticed Gastronok
 15848 | D:10     | Noticed a hill giant
 16049 | D:10     | Slain by a hill giant

Skill      XL: |  1  2  3  4  5  6  7  8  9 10 |
---------------+-------------------------------+-----
Spellcasting   | 4 5 6 8 9 11 13 | 13.8
Conjurations   | 2 3 |  3.0
Shields        | 3 4 5 |  5.6
Stealth        | 3 |  3.7
Dodging        | |  2.0
Summonings     | |  1.1
Translocations | |  1.0

Action                   |  1- 3 |  4- 6 |  7- 9 | 10-12 || total
-------------------------+-------+-------+-------+-------++-------
Melee: Unarmed           |    43 |    30 |    55 |       ||   128
       Tentacles         |     6 |    12 |    12 |     8 ||    38
       Constrict         |     8 |    15 |    25 |     8 ||    56
       Short sword       |       |    39 |       |       ||    39
       Falchion          |       |       |    19 |    43 ||    62
       Kick              |       |       |     2 |     4 ||     6
 Cast: Magic Dart        |    70 |   179 |   347 |   191 ||   787
       Call Imp          |     3 |    19 |    21 |    12 ||    55
       Mephitic Cloud    |       |     5 |    26 |    30 ||    61
       Conjure Flame     |       |     3 |    23 |    27 ||    53
       Repel Missiles    |       |       |     1 |     2 ||     3
       Blink             |       |       |     5 |     3 ||     8
       Dazzling Spray    |       |       |    26 |    20 ||    46
       Iskenderun's Myst |       |       |     3 |    42 ||    45
       Shroud of Golubri |       |       |     1 |     3 ||     4
Evoke: Wand              |       |       |       |     2 ||     2
  Use: Scroll            |       |     2 |     1 |     5 ||     8
       Potion            |       |       |       |     8 ||     8
 Stab: Sleeping          |     1 |     1 |     1 |     1 ||     4
       Distracted        |       |       |     1 |       ||     1
       Invisible         |       |       |     1 |       ||     1
       Confused          |       |       |       |     2 ||     2
  Eat: Chunk             |     3 |     9 |    16 |    11 ||    39
       Meat ration       |       |     1 |     1 |       ||     2
       Fruit             |       |       |       |     3 ||     3
Armor: Skin              |     1 |     4 |    11 |     4 ||    20
Dodge: Dodged            |    27 |    62 |   185 |    57 ||   331
       Deflected         |       |       |     2 |     9 ||    11
Block: Buckler           |       |       |    18 |    19 ||    37
       Rpst.: Falchion   |       |       |    27 |    10 ||    37
